 Dungeon Crawl Stone Soup version 0.31-a0-845-g9abc20d24f (console) character file.

Game seed: 7626194681327473686

228 petzl the Sneak (level 6, -4/47 HPs)
             Began as a Formicid Delver on Oct 2, 2023.
             Splashed by a jelly's acid (9 damage)
             ... on level 4 of the Dungeon.
             The game lasted 00:16:35 (3796 turns).

petzl the Sneak (Formicid Delver)                   Turns: 3796, Time: 00:16:36

Health: -4/47      AC: -10   Str: 16    XL:     6   Next: 22%
Magic:  11/11      EV: 10    Int: 12    God:
Gold:   143        SH:  0    Dex: 15    Spells: 7/11 levels left

rFire   . . .        a - +0 quarterstaff
rCold   . . .        (no shield)
rNeg    . . .        j - +0 scale mail
rPois   .            (helmet unavailable)
rElec   .            (no cloak)
rCorr   .            (no gloves)
SInv    +            (no boots)
Will    .....        (no amulet)
Stlth   ++           (no ring)
HPRegen 0.27/turn    (no ring)
MPRegen 0.12/turn

%: no passive effects
@: corroded, studying Ranged Weapons
A: permanent stasis, dig shafts and tunnels, antennae 3, four strong arms
a: Dig, Shaft Self


You were on level 4 of the Dungeon.
You visited 1 branch of the dungeon, and saw 7 of its levels.

You collected 143 gold pieces.

Inventory:

Hand Weapons
 a - a +0 quarterstaff (weapon)
 m - a -2 sling
 v - a +1 vampiric lajatang
Missiles
 b - 26 stones (quivered)
 k - 5 curare-tipped darts
 q - 7 poisoned darts
Armour
 j - a +0 scale mail (worn)
Wands
 f - a wand of digging (7)
 i - a wand of flame (3)
Scrolls
 c - 2 scrolls of fog
 d - a scroll of revelation
 e - a scroll of fear
 g - 3 scrolls of identify {unknown}
 h - a scroll of enchant armour {unknown}
 l - 2 scrolls of enchant weapon {unknown}
 n - a scroll of immolation {unknown}
 p - a scroll of vulnerability {unknown}
 r - a scroll of noise {unknown}
 s - a scroll of amnesia {unknown}
 u - a scroll of teleportation {unknown}
Potions
 o - 2 potions of invisibility {unknown}
 t - a potion of curing {unknown}
 w - a potion of mutation {unknown}


   Skills:
 - Level 3.4 Fighting
 - Level 2.1 Maces & Flails
 - Level 2.0 Dodging
 - Level 6.1 Stealth
 - Level 3.4 Spellcasting
 + Level 1.7 Conjurations
 - Level 1.4 Air Magic
 - Level 2.5 Poison Magic


You had 7 spell levels left.
You knew the following spells:

 Your Spells              Type           Power      Damage    Failure   Level
a - Magic Dart            Conj           24%        1d4       41%         1
m - Mephitic Cloud        Conj/Pois/Air  6%         N/A       77%         3

Your spell library contained the following spells:

 Spells                   Type           Power      Damage    Failure   Level
 Freeze                   Ice            8%         1d3       65%         1
 Call Imp                 Summ           4%         N/A       80%         2
 Hailstorm                Conj/Ice       4%         3d4       88%         3
 Frozen Ramparts          Ice            4%         1d1       95%         3


Dungeon Overview and Level Annotations

Branches:
Dungeon (7/15)
 Temple: D:4-7

Altars:

Shops:
D:1 *!*   D:4 !

Annotations:
D:3 exclusion: downstairs
D:4 exclusion: sensed monster (detected)
D:5 exclusion: downstairs


Innate Abilities, Weirdness & Mutations

You cannot be hasted, slowed, berserked, paralysed or teleported.
You can dig through walls and to a lower floor.
You have a pair of large antennae on your head. (SInv)
Your four strong arms can wield two-handed weapons with a shield.


Message History

The jelly hits you but does no damage.
You barely miss the jelly.
The jelly is lightly wounded.
The jelly barely misses you.
You hit the jelly.
Your hands burn!
The jelly is moderately wounded.
The jelly hits you. The acid corrodes you!
You are splashed with acid!
The jelly hits you but does no damage.
You sock the jelly!
Your hands burn!
The jelly is severely wounded.
The jelly misses you.
You hit the jelly. The acid corrodes you!
Your hands burn!
The jelly is almost dead.
The jelly barely misses you.
You hit the jelly but do no damage. The acid corrodes you!
Your hands burn!
You punch the jelly, but do no damage.
The jelly is almost dead.
The jelly misses you.
You hit the jelly but do no damage. The acid corrodes you!
Your hands burn!
The jelly is almost dead.
The jelly closely misses you.
Unknown command.
You hit the jelly but do no damage.
Your hands burn!
The jelly is almost dead.
The jelly closely misses you. The jelly hits you.
* * * LOW HITPOINT WARNING * * *
You are splashed with acid!
* * * LOW HITPOINT WARNING * * *
Okay, then.
Unknown command.
Unknown command.
Okay, then.
Unknown command.
Are you sure you want to shaft yourself?
The jelly barely misses you.
You begin to dig a shaft.
You continue digging a shaft.
The jelly hits you.
* * * LOW HITPOINT WARNING * * *
You are splashed with acid!
You die...

### #<# #.# #.. ..#.# #.# #.#.# #.#
#.#.# #.# #.#.# ######### #.#######.#)#
#.......####
#.......#.#.#######.......##.#
#.......#.#)#................########
###....................................
..........#.#.#.#####.......##.########
h.........#.#.#.# #.......##.#
.<#{{.....#.#.#.# #.......##.#
..#.#'#####.#.#.# ##########.#
###.#.#####.#.#.############ #.#
..................J@.......###.# #
#####.#####.#.#................# # #.#
#.#.##############...# # #.# #.#.#
#..∩######## #.#####.#.# {
{#........... #.#.J...#.# #.........##
###.#.#####.# #########.## #.....# #.#
#.<.. ........# #.# ####. ###.....# #.#
.. ........ ##. #######... .. ##### ..


You could see a jelly.

Vanquished Creatures
  2 orc wizards (D:4)
  4 gnolls (D:2)
  4 adders
  3 worms (D:3)
  A dart slug (D:1)
  3 orcs (D:4)
  2 ball pythons
  8 endoplasms
  4 giant cockroaches
  6 goblins
  11 hobgoblins
  4 jackals
  2 quokkas
  10 bats
  2 frilled lizards
  12 kobolds
  4 rats
82 creatures vanquished.

Notes
Turn   | Place    | Note
-------+----------+-------------------------------------------
     0 | D:5      | petzl the Formicid Delver began the quest for the Orb.
     0 | D:5      | Reached XP level 1. HP: 18/18 MP: 1/1
     1 | D:6      | Noticed a sleepcap
     1 | D:6      | Noticed a water moccasin
     1 | D:6      | Noticed an ice beast
    95 | D:4      | Noticed an orc wizard
   206 | D:4      | Noticed an orc wizard
   258 | D:4      | Found Teryva Tulog's Distillery.
   274 | D:4      | Reached XP level 2. HP: 24/24 MP: 2/2
   400 | D:1      | Reached skill level 1 in Spellcasting
   447 | D:1      | Found Myorchyut's Assorted Antiques.
   516 | D:1      | Reached XP level 3. HP: 24/29 MP: 3/5
   864 | D:1      | Found Ligrecw's General Store.
   922 | D:1      | Found a faded altar of an unknown god.
   931 | D:1      | Found Micej's Distillery.
  1189 | D:1      | Reached XP level 4. HP: 35/35 MP: 7/7
  1196 | D:1      | Learned a level 1 spell: Magic Dart
  1200 | D:1      | Learned a level 3 spell: Mephitic Cloud
  1724 | D:2      | You fall into a shaft and drop 1 floor!
  1896 | D:3      | Reached skill level 1 in Poison Magic
  2013 | D:2      | Reached XP level 5. HP: 32/41 MP: 9/9
  2052 | D:2      | Reached skill level 1 in Conjurations
  2366 | D:3      | Reached skill level 1 in Air Magic
  3269 | D:4      | Reached XP level 6. HP: 38/47 MP: 10/10
  3412 | D:4      | You fall into a shaft and drop 3 floors!
  3629 | D:7      | Noticed an ice beast
  3796 | D:4      | Splashed by a jelly's acid

Illustrated notes

Levels and vault maps discovered:
D:1:      dpeg_arrival_circle_labyrinth_a, layout_basic,
          ebering_ecumenical_altar_rust, serial_shops,
          nicolae_shop_advertising_works [nicolae_subvault_shop_adworks], shop,
          nicolae_shop_statue_plus, minmay_misc_feat_cross
D:2:      layout_basic, kennysheep_path_1
D:3:      layout_loops_ring, minmay_misc_feat_nine_boxes
D:4:      layout_basic, nicolae_wu_jian_immortal_techniques, temple_doors_ab,
          serial_shops, shop, serial_glass, glass_columns_a, glass_columns_c,
          uniq_blork_the_orc
D:5:      layout_cave_pools
D:6:      layout_cave_pods, serial_shops, nicolae_shop_statue_plus,
          minmay_misc_feat_hallway, uniq_eustachio
D:7:      layout_loops_ring, minmay_unpleasant_kobolds

Skill      XL: |  1  2  3  4  5 |
---------------+----------------+-----
Dodging        | 2 |  2.0
Spellcasting   | 1 2 3 |  3.4
Poison Magic   | 1 2 |  2.5
Conjurations   | 1 |  1.7
Air Magic      | 1 |  1.4
Fighting       | |  3.4
Maces & Flails | |  2.1
Stealth        | |  6.1

Action                     |  1- 3 |  4- 6 || total
---------------------------+-------+-------++-------
  Melee: Mace              |    79 |       ||    79
         Quarterstaff      |    23 |   205 ||   228
         Punch             |       |     2 ||     2
  Throw: Stone             |       |    14 ||    14
Ability: Shaft Self        |       |     3 ||     3
         Dig               |       |     1 ||     1
  Evoke: Wand              |     1 |     7 ||     8
   Stab: Sleeping          |     3 |     5 ||     8
 Armour: Leather armour    |    65 |       ||    65
         Scale mail        |    13 |   149 ||   162
  Dodge: Dodged            |    81 |   136 ||   217

Table legend: (Time is in decaauts)
 A = Elapsed time spent in this place.
 B = Non-inter-level travel time spent in this place.
 C = Inter-level travel time spent in this place.
 D = Time resting spent in this place.
 E = Time spent auto-exploring this place.
 F = Levels seen in this place.
 G = Mean time per level.
                   A        B        C        D        E       F      G
               +--------+--------+--------+--------+--------+-----+--------+
         Total |   3876 |   3783 |     93 |    769 |   1616 |   7 |  553.7 |
       Dungeon |   3876 |   3783 |     93 |    769 |   1616 |   7 |  553.7 |
               +--------+--------+--------+--------+--------+-----+--------+

Top non-repeatable levels by time:
     D:1: 1185 daAuts
     D:3: 1110 daAuts
     D:2: 691 daAuts
     D:4: 500 daAuts
     D:7: 236 daAuts
     D:6: 75 daAuts
     D:5: 75 daAuts
